SR
ELLESMERE ISLAND SNOWPEOPLE @ MONTGOMERY BISCUITS
07/18/2037
 
TOP OF THE 1ST
Ellesmere Island Snowpeople batting - Pitching for Montgomery Biscuits : RHP Toshinobu Nakamura
Pitching: RHP Toshinobu Nakamura
Batting: RHB Tristan Powell 0-0: Ball
1-0: Fly out, F8 (Flyball, 8LM, EV 83.8 MPH)
Batting: RHB Thinley Tshering 0-0: Foul Ball, location: 2F
0-1: Called Strike
0-2: Ball
1-2: Strikes out swinging
Batting: SHB Silvio Capitanio 0-0: SINGLE (Groundball, 4D, EV 103.8 MPH)
Batting: LHB Diego Alejandro Ureña 0-0: Swinging Strike
0-1: Foul Ball, location: 2F
0-2: Ball
Silvio Capitanio is caught stealing 2nd base 2-6
Top of the 1st over - 0 runs, 1 hit, 0 errors, 0 left on base; Ellesmere Island 0 - Montgomery 0
BOTTOM OF THE 1ST
Montgomery Biscuits batting - Pitching for Ellesmere Island Snowpeople : RHP Hildo van Doorn
Pitching: RHP Hildo van Doorn
Batting: RHB Roy Osmond 0-0: Called Strike
0-1: SINGLE (Groundball, 6MD, EV 98.1 MPH)
Batting: RHB Emílio Vivas 0-0: Ball
1-0: Foul Ball, location: 2F
1-1: Ball
2-1: Called Strike
2-2: Ball
3-2: Fly out, F8 (Flyball, 89S, EV 83.8 MPH)
Batting: LHB Juan Santos 0-0: Ball
Roy Osmond steals 2nd base
1-0: DOUBLE (Groundball, 3L, EV 94.4 MPH)
Roy Osmond scores
Batting: RHB Fraser Childs 0-0: Ground out 5-3 (Groundball, 56, EV 80.0 MPH)
Batting: LHB Bob Arrington 0-0: Called Strike
0-1: Foul Ball, location: 2F
0-2: Ground out 3-1 (Groundball, 34, EV 90.0 MPH)
Bottom of the 1st over - 1 run, 2 hits, 0 errors, 1 left on base; Ellesmere Island 0 - Montgomery 1
TOP OF THE 2ND
Ellesmere Island Snowpeople batting - Pitching for Montgomery Biscuits : RHP Toshinobu Nakamura
Batting: LHB Diego Alejandro Ureña 0-0: Ball
1-0: Called Strike
1-1: DOUBLE (Line Drive, 78XD, EV 103.1 MPH)
Batting: LHB Jared Schneider 0-0: Ball
1-0: Foul Ball, location: 2F
1-1: Ball
2-1: SINGLE (Flyball, 56D, EV 84.4 MPH)
Diego Alejandro Ureña to third
Batting: RHB Joe Havermeyer 0-0: Called Strike
0-1: Ball
1-1: Ball
2-1: Foul Ball, location: 2F
2-2: Foul Ball, location: 2F
2-2: Foul Ball, location: 2F
2-2: DOUBLE (Line Drive, 78M, EV 113.1 MPH)
Diego Alejandro Ureña scores
Jared Schneider to third
Runner from 3rd tries for Home, throw by LF and OUT! 7-6-2
Batting: SHB Alan Campbell 0-0: Ball
1-0: Called Strike
1-1: SINGLE (Line Drive, 7S, EV 91.9 MPH)
Joe Havermeyer to third
Batting: SHB César Enríques 0-0: Ball
1-0: Swinging Strike
1-1: Foul Ball, location: 2F
1-2: Foul Ball, location: 2F
1-2: Ball
2-2: Foul Ball, location: 2F
2-2: SINGLE (Groundball, 34D, EV 99.4 MPH)
Joe Havermeyer scores
Alan Campbell to second
Runner from 2nd tries for 3rd, SAFE, no throw by RF
Batting: RHB Cristóbal Arroyo 0-0: 3-RUN HOME RUN (Flyball, 78XD, EV 110.6 MPH), Distance : 443 ft
Batting: RHB Tristan Powell 0-0: Ball
1-0: Foul Ball, location: 2F
1-1: Ball
2-1: Foul Ball, location: 2F
2-2: Strikes out swinging
Batting: RHB Thinley Tshering 0-0: Ball
1-0: Called Strike
1-1: Ball
2-1: Called Strike
2-2: Strikes out looking
Top of the 2nd over - 5 runs, 6 hits, 0 errors, 0 left on base; Ellesmere Island 5 - Montgomery 1
BOTTOM OF THE 2ND
Montgomery Biscuits batting - Pitching for Ellesmere Island Snowpeople : RHP Hildo van Doorn
Batting: RHB Joël Pesci 0-0: Called Strike
0-1: Fly out, F8 (Flyball, 8RS, EV 93.8 MPH)
Batting: RHB Jorge Muñóz 0-0: Ground out 6-3 (Groundball, 6, EV 83.1 MPH)
Batting: RHB Chris Carson 0-0: Ball
1-0: Foul Ball, location: 2F
1-1: Swinging Strike
1-2: Foul Ball, location: 2F
1-2: Strikes out looking
Bottom of the 2nd over - 0 runs, 0 hits, 0 errors, 0 left on base; Ellesmere Island 5 - Montgomery 1
TOP OF THE 3RD
Ellesmere Island Snowpeople batting - Pitching for Montgomery Biscuits : RHP Toshinobu Nakamura
Batting: SHB Silvio Capitanio 0-0: Foul Ball, location: 2F
0-1: Ground out 5-3 (Groundball, 5, EV 104.4 MPH)
Batting: LHB Diego Alejandro Ureña 0-0: Ball
1-0: Called Strike
1-1: Ball
2-1: Ground out 6-3 (Groundball, 6, EV 81.2 MPH)
Batting: LHB Jared Schneider 0-0: Ball
1-0: Ball
2-0: Called Strike
2-1: Foul Ball, location: 2F
2-2: Strikes out swinging
Top of the 3rd over - 0 runs, 0 hits, 0 errors, 0 left on base; Ellesmere Island 5 - Montgomery 1
BOTTOM OF THE 3RD
Montgomery Biscuits batting - Pitching for Ellesmere Island Snowpeople : RHP Hildo van Doorn
Batting: RHB Guillermo Sánchez 0-0: Ground out 6-3 (Groundball, 6, EV 87.5 MPH)
Batting: RHB Roy Osmond 0-0: Fly out, F9 (Flyball, 9, EV 74.4 MPH)
Batting: RHB Emílio Vivas 0-0: Ground out 1-3 (Groundball, 34S, EV 68.1 MPH)
Bottom of the 3rd over - 0 runs, 0 hits, 0 errors, 0 left on base; Ellesmere Island 5 - Montgomery 1
TOP OF THE 4TH
Ellesmere Island Snowpeople batting - Pitching for Montgomery Biscuits : RHP Toshinobu Nakamura
Batting: RHB Joe Havermeyer 0-0: Foul Ball, location: 2F
0-1: Ball
1-1: Ball
2-1: Swinging Strike
2-2: Strikes out looking
Batting: SHB Alan Campbell 0-0: Ball
1-0: Fly out, F6 (Popup, 6, EV 73.1 MPH)
Batting: SHB César Enríques 0-0: Called Strike
0-1: Ball
1-1: Ball
2-1: Foul Ball, location: 2F
2-2: Ground out 1-3 (Groundball, 15S, EV 67.5 MPH)
Top of the 4th over - 0 runs, 0 hits, 0 errors, 0 left on base; Ellesmere Island 5 - Montgomery 1
BOTTOM OF THE 4TH
Montgomery Biscuits batting - Pitching for Ellesmere Island Snowpeople : RHP Hildo van Doorn
Batting: LHB Juan Santos 0-0: Ball
1-0: Foul Ball, location: 2F
1-1: Fly out, F8 (Flyball, 8RS, EV 92.5 MPH)
Batting: RHB Fraser Childs 0-0: Ball
1-0: Swinging Strike
1-1: Ball
2-1: Fly out, F8 (Flyball, 8RM, EV 85.0 MPH)
Batting: LHB Bob Arrington 0-0: Swinging Strike
0-1: Ball
1-1: SINGLE (Flyball, 8LS, EV 96.9 MPH)
Batting: RHB Joël Pesci 0-0: Called Strike
0-1: Ball
1-1: Foul Ball, location: 2F
1-2: Foul Ball, location: 2F
1-2: Foul Ball, location: 2F
1-2: Foul Ball, location: 2F
1-2: Ball
2-2: Ball
3-2: 2-RUN HOME RUN (Flyball, 7LD, EV 106.2 MPH), Distance : 365 ft
Batting: RHB Jorge Muñóz 0-0: Foul Ball, location: 2F
0-1: Ground out 5-3 (Groundball, 56, EV 91.9 MPH)
Bottom of the 4th over - 2 runs, 2 hits, 0 errors, 0 left on base; Ellesmere Island 5 - Montgomery 3
TOP OF THE 5TH
Ellesmere Island Snowpeople batting - Pitching for Montgomery Biscuits : RHP Toshinobu Nakamura
Batting: RHB Cristóbal Arroyo 0-0: Ground out 6-3 (Groundball, 56, EV 101.9 MPH)
Batting: RHB Tristan Powell 0-0: TRIPLE (Flyball, 9LD, EV 110.6 MPH)
Pitching: RHP Hisanobu Yamashita
Batting: RHB Thinley Tshering 0-0: Swinging Strike
0-1: Called Strike
0-2: Ball
1-2: Strikes out swinging
Batting: SHB Silvio Capitanio 0-0: Ball
1-0: Ball
2-0: Ball
3-0: Called Strike
3-1: Called Strike
3-2: Foul Ball, location: 2F
3-2: Base on Balls
Batting: LHB Diego Alejandro Ureña 0-0: Ball
1-0: Foul Ball, location: 2F
1-1: Called Strike
Silvio Capitanio is caught stealing 2nd base 2-6
Top of the 5th over - 0 runs, 1 hit, 0 errors, 1 left on base; Ellesmere Island 5 - Montgomery 3
BOTTOM OF THE 5TH
Montgomery Biscuits batting - Pitching for Ellesmere Island Snowpeople : RHP Hildo van Doorn
Batting: RHB Chris Carson 0-0: Ball
1-0: Ball
2-0: Called Strike
2-1: Ball
3-1: SINGLE (Groundball, 34D, EV 95.0 MPH)
Batting: RHB Guillermo Sánchez 0-0: Called Strike
Chris Carson steals 2nd base
0-1: Ground out 6-3 (Groundball, 6, EV 85.6 MPH)
Batting: RHB Roy Osmond 0-0: Called Strike
0-1: Ball
1-1: Swinging Strike
1-2: Foul Ball, location: 2F
1-2: Strikes out swinging
Batting: RHB Emílio Vivas 0-0: Called Strike
0-1: Fly out, F4 (Popup, 4S, EV 87.5 MPH)
Bottom of the 5th over - 0 runs, 1 hit, 0 errors, 1 left on base; Ellesmere Island 5 - Montgomery 3
TOP OF THE 6TH
Ellesmere Island Snowpeople batting - Pitching for Montgomery Biscuits : RHP Hisanobu Yamashita
Batting: LHB Diego Alejandro Ureña 0-0: Called Strike
0-1: Ground out 4-3 (Groundball, 4, EV 108.1 MPH)
Batting: LHB Jared Schneider 0-0: Ball
1-0: Called Strike
1-1: Ball
2-1: Ball
3-1: SINGLE (Flyball, 8RS, EV 93.8 MPH)
Batting: RHB Joe Havermeyer 0-0: Called Strike
Jared Schneider is caught stealing 2nd base 2-4
0-1: Ball
1-1: SINGLE (Groundball, 56D, EV 95.0 MPH)
Batting: SHB Alan Campbell 0-0: Ball
1-0: Ball
2-0: Called Strike
2-1: Foul Ball, location: 2F
2-2: Ball
3-2: Fly out, F4 (Flyball, 34D, EV 94.4 MPH)
Top of the 6th over - 0 runs, 2 hits, 0 errors, 1 left on base; Ellesmere Island 5 - Montgomery 3
BOTTOM OF THE 6TH
Montgomery Biscuits batting - Pitching for Ellesmere Island Snowpeople : RHP Hildo van Doorn
Batting: LHB Juan Santos 0-0: Called Strike
0-1: Called Strike
0-2: Ground out 1-3 (Groundball, 13, EV 87.5 MPH)
Batting: RHB Fraser Childs 0-0: DOUBLE (Flyball, 89D, EV 86.2 MPH)
Batting: LHB Bob Arrington 0-0: Ball
1-0: Foul Ball, location: 2F
1-1: Ball
2-1: Ball
3-1: Base on Balls
Batting: RHB Joël Pesci 0-0: Swinging Strike
0-1: Fly out, F3 (Popup, 34S, EV 66.9 MPH)
Batting: RHB Jorge Muñóz 0-0: Ball
Passed Ball!
Fraser Childs to third
Bob Arrington to second
1-0: Reached on error, E6 (Groundball, 6, EV 77.5 MPH)
Fraser Childs scores
Bob Arrington scores
Batting: RHB Chris Carson 0-0: Ball
1-0: Swinging Strike
1-1: Ball
2-1: Called Strike
2-2: Fly out, F7 (Flyball, 7S, EV 94.4 MPH)
Bottom of the 6th over - 2 runs, 1 hit, 1 error, 1 left on base; Ellesmere Island 5 - Montgomery 5
TOP OF THE 7TH
Ellesmere Island Snowpeople batting - Pitching for Montgomery Biscuits : RHP Hisanobu Yamashita
Batting: SHB César Enríques 0-0: Called Strike
0-1: SINGLE (Groundball, 4MD, EV 101.2 MPH)
Batting: RHB Cristóbal Arroyo 0-0: Ball
1-0: Called Strike
1-1: Fly out, F9 (Flyball, 9S, EV 83.1 MPH)
Batting: RHB Tristan Powell 0-0: Ball
1-0: Ball
2-0: Called Strike
2-1: Foul Ball, location: 2F
2-2: Foul Ball, location: 2F
2-2: Ground out 5-3 (Groundball, 56S, EV 81.2 MPH)
César Enríques to second
Batting: RHB Thinley Tshering 0-0: Called Strike
0-1: Ground out 5-3 (Groundball, 56, EV 103.1 MPH)
Top of the 7th over - 0 runs, 1 hit, 0 errors, 1 left on base; Ellesmere Island 5 - Montgomery 5
BOTTOM OF THE 7TH
Montgomery Biscuits batting - Pitching for Ellesmere Island Snowpeople : RHP Hildo van Doorn
Batting: RHB Guillermo Sánchez 0-0: Called Strike
0-1: Ball
1-1: DOUBLE (Flyball, 78D, EV 106.2 MPH)
Batting: RHB Roy Osmond 0-0: Called Strike
0-1: SINGLE (Line Drive, 7LS, EV 93.8 MPH)
Guillermo Sánchez to third
Pitching: RHP Foster Lang
Batting: RHB Emílio Vivas 0-0: Ball
1-0: Ground out 5-3 (Groundball, 5, EV 98.8 MPH)
Roy Osmond to second
Batting: LHB Juan Santos 0-0: Ball
1-0: Swinging Strike
1-1: Ball
2-1: Swinging Strike
2-2: Foul Ball, location: 2F
2-2: Strikes out looking
Batting: RHB Fraser Childs 0-0: Ball
1-0: SINGLE (Groundball, 34D, EV 98.8 MPH)
Guillermo Sánchez scores
Roy Osmond to third
Runner from 3rd tries for Home, SAFE, no throw by RF
Batting: LHB Bob Arrington 0-0: Ball
Fraser Childs steals 2nd base
1-0: Swinging Strike
1-1: Swinging Strike
1-2: Foul Ball, location: 2F
1-2: Ball
2-2: Foul Ball, location: 2F
2-2: Foul Ball, location: 2F
2-2: Ball
3-2: Foul Ball, location: 2F
3-2: Strikes out swinging
Bottom of the 7th over - 2 runs, 3 hits, 0 errors, 1 left on base; Ellesmere Island 5 - Montgomery 7
TOP OF THE 8TH
Ellesmere Island Snowpeople batting - Pitching for Montgomery Biscuits : RHP Hisanobu Yamashita
Now in LF: Jon Hutchins
Batting: SHB Silvio Capitanio 0-0: Fly out, F8 (Flyball, 8LM, EV 72.5 MPH)
Batting: LHB Diego Alejandro Ureña 0-0: Ball
1-0: Ball
2-0: Called Strike
2-1: Ball
3-1: Ground out 4-3 (Groundball, 4, EV 111.2 MPH)
Batting: LHB Jared Schneider 0-0: Ball
1-0: Swinging Strike
1-1: Swinging Strike
1-2: Foul Ball, location: 2F
1-2: Strikes out looking
Top of the 8th over - 0 runs, 0 hits, 0 errors, 0 left on base; Ellesmere Island 5 - Montgomery 7
BOTTOM OF THE 8TH
Montgomery Biscuits batting - Pitching for Ellesmere Island Snowpeople : RHP Foster Lang
Batting: RHB Joël Pesci 0-0: Ball
1-0: Called Strike
1-1: SINGLE (Groundball, 6MD, EV 106.9 MPH)
Batting: RHB Jorge Muñóz 0-0: Sac Bunt to 2L - play at first, batter OUT! 2-3
Joël Pesci to second
Batting: RHB Chris Carson 0-0: Called Strike
0-1: TRIPLE (Flyball, 89XD, EV 103.8 MPH)
Joël Pesci scores
Batting: RHB Guillermo Sánchez 0-0: Foul Ball, location: 2F
0-1: Swinging Strike
0-2: Foul Ball, location: 2F
0-2: Ball
1-2: Ball
2-2: Foul Ball, location: 2F
2-2: Foul Ball, location: 2F
2-2: Strikes out swinging
Batting: RHB Roy Osmond 0-0: Ball
1-0: Swinging Strike
1-1: Foul Ball, location: 2F
1-2: Foul Ball, location: 2F
1-2: Foul Ball, location: 2F
1-2: Ball
2-2: Strikes out swinging
Bottom of the 8th over - 1 run, 2 hits, 0 errors, 1 left on base; Ellesmere Island 5 - Montgomery 8
TOP OF THE 9TH
Ellesmere Island Snowpeople batting - Pitching for Montgomery Biscuits : RHP Hisanobu Yamashita
Pitching: RHP Chao Khu
Batting: RHB Joe Havermeyer 0-0: Ball
1-0: Ball
2-0: Fly out, F9 (Flyball, 9LM, EV 92.5 MPH)
Batting: SHB Alan Campbell 0-0: Called Strike
0-1: Ball
1-1: Swinging Strike
1-2: Ball
2-2: Fly out, F8 (Flyball, 8LD, EV 89.4 MPH)
Batting: SHB César Enríques 0-0: Ball
1-0: Ball
2-0: Ground out 4-3 (Groundball, 34, EV 86.2 MPH)
Top of the 9th over - 0 runs, 0 hits, 0 errors, 0 left on base; Ellesmere Island 5 - Montgomery 8
Thursday, January 23rd, 2020 - OOTP Baseball 20.8 Build 74